Map: Ruins of Endion

Players

fBOY

  • Race: Protoss Protoss
  • League: Master

Miszu - Winner!

  • Race: Terran Terran
  • League: Grandmaster

VOD

Have the link to the VOD?

Description

Time

  • Played on: May 19, 2016, 11:35 a.m.
  • Length: 10:08
Show
View Real Time Build Order
Export as new Build Order

fBOY Protoss 

Build Orders: 1 Gate Expand, Blink Stalkers 

Get SALT Encoding   

  12  0:01  Probe (Chrono Boost)  
  13  0:12  Probe (Chrono Boost)  
  14  0:20  Pylon  
  14  0:22  Probe (Chrono Boost)  
  15  0:38  Probe (Chrono Boost)  
  15  0:39  Gateway  
  16  0:43  Assimilator  
  16  0:48  Probe (Chrono Boost)  
  17  0:59  Probe (Chrono Boost)  
  18  1:09  Probe (Chrono Boost)  
  19  1:22  Nexus  
  19  1:32  Cybernetics Core  
  19  1:35  Probe (Chrono Boost)  
  20  1:42  Assimilator  
  20  1:51  Pylon  
  20  1:53  Probe (Chrono Boost)  
  21  2:03  Probe (Chrono Boost)  
  22  2:09  Adept, Warp Gate  
  22  2:15  Mothership Core (Chrono Boost)  
  26  2:33  Probe (Chrono Boost)  
  26  2:34  Probe (Chrono Boost)  
  28  2:44  Robotics Facility, Probe (Chrono Boost)  
  29  2:45  Probe (Chrono Boost)  
  30  2:57  Twilight Council  
  30  2:58  Probe (Chrono Boost)  
  31  2:59  Probe (Chrono Boost)  
  32  3:08  Probe (Chrono Boost)  
  32  3:09  Probe (Chrono Boost)  
  35  3:20  Probe (Chrono Boost)  
  35  3:26  Gateway  
  35  3:27  Gateway  
  35  3:28  Probe (Chrono Boost)  
  35  3:30  Blink (Chrono Boost)  
  35  3:31  Observer  
  35  3:32  Assimilator  
  35  3:33  Probe (Chrono Boost)  
  39  3:41  Pylon  
  39  3:44  Probe  
  39  3:46  Probe  
  40  3:54  Observer  
  41  3:56  Probe x2  
  43  4:07  Probe  
  43  4:08  Probe  
  45  4:12  Nexus  
  45  4:17  Probe  
  45  4:19  Pylon  
  46  4:30  Stalker x2  
  50  4:32  Stalker  
  52  4:39  Warp Prism (Chrono Boost)  
  52  4:41  Probe  
  52  4:42  Probe  
  56  4:52  Pylon  
  56  4:54  Stalker  
  56  4:55  Stalker  
  60  5:00  Stalker  
  62  5:10  Probe x2  
  64  5:15  Pylon  
  64  5:22  Probe  
  65  5:29  Stalker x3, Probe  
  65  5:31  Probe  
  65  5:33  Pylon  
  65  5:34  Probe  
  74  5:40  Probe  
  75  5:43  Probe  
  75  5:46  Probe  
  77  5:50  Probe  
  77  5:52  Stalker  
  77  5:53  Stalker x2  
  77  5:55  Probe  
  85  5:58  Probe  
  85  6:01  Forge, Probe  
  87  6:07  Probe  
  87  6:10  Probe  
  77  6:11  Probe  
  70  6:19  Probe  
  70  6:20  Assimilator  
  70  6:22  Probe  
  72  6:28  Stalker x2  
  72  6:29  Stalker  
  76  6:32  Probe  
  76  6:33  Probe  
  76  6:35  Probe  
  79  6:45  Gateway  
  79  6:46  Gateway  
  79  6:49  Pylon  
  79  6:50  Pylon  
  79  6:51  Gateway, Immortal (Chrono Boost)  
  79  6:54  Gateway  
  83  6:57  Pylon  
  83  6:59  Pylon  
  83  7:12  Adept x3  
  71  7:39  Adept  
  71  7:41  Adept x3  
  77  7:50  Pylon  
  49  8:09  Adept  
  49  8:11  Adept x2  
  43  8:30  Gateway x3  
  43  8:33  Cybernetics Core, Gateway, Pylon  
  43  8:34  Gateway  
  36  8:36  Gateway  
  36  8:38  Pylon  
  35  8:41  Pylon  
  35  8:42  Pylon  
  35  8:43  Pylon  
  34  8:54  Pylon  
  24  9:25  Adept x3  
  24  9:28  Stalker x2  
  25  9:39  Stalker  
Show
View Real Time Build Order
Export as new Build Order

Miszu Terran - Winner!

Build Orders: MMM Bio 

Get SALT Encoding   

  12  0:00  SCV  
  13  0:13  SCV  
  14  0:18  Supply Depot  
  14  0:25  SCV  
  15  0:40  SCV  
  15  0:41  Barracks  
  16  0:52  SCV  
  17  1:13  Command Center  
  18  1:27  Orbital Command  
  18  1:28  Marine  
  18  1:37  Barracks  
  18  1:46  Marine  
  19  1:54  SCV  
  19  1:58  Barracks  
  20  2:04  Marine  
  20  2:06  SCV  
  22  2:18  SCV  
  23  2:28  Marine x2  
  25  2:31  Orbital Command  
  25  2:36  SCV  
  26  2:44  Refinery x2  
  26  2:45  Marine  
  26  2:46  Marine x2  
  26  2:48  SCV  
  30  2:56  SCV  
  31  3:00  SCV  
  31  3:02  Supply Depot  
  31  3:03  Marine  
  31  3:04  Marine x2  
  35  3:08  SCV  
  36  3:14  SCV  
  37  3:20  SCV  
  37  3:21  Barracks Tech Lab  
  37  3:23  Marine x2  
  37  3:26  SCV  
  41  3:29  Supply Depot  
  41  3:34  SCV  
  41  3:40  SCV  
  43  3:41  Marine x3  
  43  3:42  Stimpack  
  46  3:51  SCV  
  46  3:53  SCV  
  48  3:56  Supply Depot  
  48  3:59  Marine x3  
  51  4:03  SCV  
  51  4:07  SCV  
  53  4:11  Factory  
  53  4:13  Engineering Bay  
  53  4:15  Refinery, SCV  
  54  4:17  Marine x3  
  57  4:25  SCV  
  57  4:27  SCV  
  57  4:29  Supply Depot  
  59  4:35  Marine  
  59  4:36  Marauder  
  62  4:40  Terran Infantry Weapons Level 1  
  62  4:51  Marine, SCV x2  
  65  4:52  Supply Depot  
  65  4:55  Starport, Factory Reactor  
  65  4:59  Marauder  
  67  5:01  Barracks Reactor  
  67  5:03  SCV x2  
  69  5:10  Barracks Reactor  
  69  5:13  Barracks Tech Lab  
  69  5:15  SCV x2  
  69  5:20  Command Center, Marauder  
  73  5:23  Supply Depot  
  73  5:24  Refinery  
  73  5:27  SCV x2  
  75  5:32  Marauder  
  77  5:39  SCV, Factory Reactor  
  78  5:45  Medivac x2, SCV  
  78  5:47  Supply Depot  
  78  5:51  SCV  
  78  5:52  Marauder  
  78  5:54  Combat Shields  
  81  5:57  SCV  
  81  6:03  SCV  
  81  6:09  SCV  
  81  6:10  Marauder  
  69  6:14  Marauder  
  69  6:15  SCV  
  69  6:17  Marine x2  
  69  6:18  Medivac x2  
  74  6:20  Widow Mine x2  
  80  6:31  Marauder  
  82  6:34  Marine  
  82  6:39  Supply Depot x3  
  83  6:42  Marine  
  83  6:44  Barracks  
  83  6:45  Barracks  
  84  6:48  Marine  
  84  6:49  Widow Mine x2  
  84  6:53  Marauder x2  
  93  7:03  Marine  
  93  7:04  Medivac  
  93  7:05  Marine, Medivac  
  99  7:13  Orbital Command  
  99  7:14  Marauder x2  
  101  7:21  Marine  
  100  7:23  Marine  
  101  7:35  Marauder  
  101  7:36  Marauder  
  102  7:39  Marine  
  102  7:44  Marine  
  100  7:57  Marauder x2  
  101  7:58  Medivac x2, Widow Mine  
  101  7:59  Widow Mine  
  101  8:00  SCV  
  101  8:04  SCV  
  105  8:08  SCV  
  105  8:12  SCV  
  105  8:16  SCV  
  105  8:18  Marauder x2  
  108  8:20  SCV  
  108  8:25  Marine x2  
  108  8:26  Marine  
  110  8:27  Widow Mine  
  110  8:28  Medivac  
  114  8:39  Marauder  
  114  8:40  Marauder  
  116  8:46  Marine  
  117  9:02  Marine x2  
  117  9:04  Marine  
  117  9:15  Marauder  
  117  9:20  Marauder  
  117  9:28  Supply Depot x2  
  117  9:30  Marine x3  
  120  9:32  Barracks x2  
  120  9:34  Barracks  
  120  9:36  Marine  
  121  9:41  Marauder  
  122  9:47  Marine x3  
Tags
 
Add a new tag
Caveats
  • Supply blocks, unpowered buildings, or Contaminate may cause inaccurate times.
  • Supply counts are checked every 10 seconds.